 Dungeon Crawl Stone Soup version 0.26-a0-597-gb535b0901c (webtiles) character file.

Game seed: 236931388855462451

316424 HoaS the Sharpshooter (level 22, -1/176 HPs)
             Began as a Formicid Fighter on Sept 5, 2020.
             Was the Champion of Makhleb.
             Slain by a hell knight
             ... wielding a +4 long sword of flaming
             ... led by Margery
              (5 damage)
             ... on level 4 of the Vaults.
             The game lasted 02:02:08 (37327 turns).

HoaS the Sharpshooter (Formicid Fighter)           Turns: 37327, Time: 02:02:09

Health: -1/176     AC: 46    Str: 26    XL:     22   Next: 35%
Magic:  0/22       EV: 12    Int:  6    God:    Makhleb [******]
Gold:   3674       SH: 23    Dex: 12    Spells: 21/21 levels left

rFire    . . .     SeeInvis +   w - +8 lajatang (vorpal)
rCold    . . .     Faith    .   S - +2 tower shield
rNeg     + . .     Spirit   +   U - +4 crystal plate armour
rPois    +         Reflect  .   (helmet unavailable)
rElec    .         Harm     .   j - +2 cloak
rCorr    .                      u - +2 pair of gloves {archery}
MR       ++...                  N - +2 pair of boots
Stlth    ..........             G - amulet of Ripuajoi {Spirit rPois rN+ Int-5 Slay+2}
HPRegen  0.39/turn              l - +4 ring of protection
MPRegen  0.18/turn              i - +4 ring of protection

@: mighty, lightly drained
A: permanent stasis, dig shafts and tunnels, four strong arms, antennae 3
}: 2/15 runes: decaying, serpentine
a: Dig, Shaft Self, Minor Destruction, Lesser Servant of Makhleb, Major
Destruction, Greater Servant of Makhleb, Renounce Religion


You were on level 4 of the Vaults.
You worshipped Makhleb.
Makhleb was exalted by your worship.
You visited 7 branches of the dungeon, and saw 36 of its levels.
You also visited: Ossuary and Gauntlet.

You collected 4234 gold pieces.
You spent 560 gold pieces at shops.

Inventory:

Hand Weapons
 e - the +8 quarterstaff "Vopn" {vorpal, *Noise rPois rN+}
   (You took it off an orc on level 7 of the Dungeon)

   It inflicts extra damage upon your enemies.
   It protects you from poison.
   It protects you from negative energy.
   It may make noises in combat.
 q - a +1 vorpal arbalest
 w - a +8 vorpal lajatang (weapon)
Missiles
 E - 1131 bolts (quivered)
Armour
 j - a +2 cloak (worn)
 u - a +2 pair of gloves of archery (worn)
 N - a +2 pair of boots (worn)
 S - a +2 tower shield (worn)
 U - a +4 crystal plate armour (worn)
Jewellery
 a - a +6 ring of strength
 f - a +6 ring of dexterity
 i - a +4 ring of protection (right hand)
 l - a +4 ring of protection (left hand)
 y - an uncursed ring of protection from cold
 A - a +6 ring of dexterity
 G - the amulet of Ripuajoi (around neck) {Spirit rPois rN+ Int-5 Slay+2}
   (You found it on level 1 of the Vaults)

   [amulet of guardian spirit]

   It causes incoming damage to be split between your health and magic.
   It affects your intelligence (-5).
   It affects your accuracy and damage with ranged weapons and melee attacks
   (+2).
   It protects you from poison.
   It protects you from negative energy.
 O - an uncursed ring of resist corrosion
 P - the ring of Hiow {rF- rCorr Str+10 Dex-4 Slay+6}
   (You found it on level 3 of the Lair of Beasts)

   [ring of resist corrosion]

   It affects your strength (+10).
   It affects your dexterity (-4).
   It affects your accuracy and damage with ranged weapons and melee attacks
   (+6).
   It makes you vulnerable to fire.
   It provides partial protection from all sources of acid and corrosion.
Wands
 b - a wand of polymorph (53)
 c - a wand of iceblast (57)
 n - a wand of paralysis (23)
 p - a wand of flame (45)
 z - a wand of random effects (92)
 C - a wand of digging (6)
 H - a wand of acid (19)
 M - a wand of enslavement (24)
 R - a wand of disintegration (23)
Scrolls
 o - 3 scrolls of fog
 r - 14 scrolls of remove curse
 x - 16 scrolls of identify
 D - 7 scrolls of fear
 J - 11 scrolls of magic mapping
Potions
 d - 6 potions of might
 g - a potion of ambrosia
 h - 3 potions of curing
 k - 3 potions of resistance
 m - 7 potions of stabbing
 s - 7 potions of mutation
 t - 4 potions of cancellation
 v - 3 potions of lignification
 B - 6 potions of flight
 F - 4 potions of heal wounds
 I - 6 potions of invisibility


   Skills:
 + Level 15.5(15.3) Fighting
 + Level 15.3(15.1) Staves
 - Level 18.0(17.8) Crossbows
 + Level 15.5(15.4) Armour
 + Level 15.1(14.9) Dodging
 + Level 16.6(16.5) Shields


You had 21 spell levels left.
You didn't know any spells.
Your spell library contained the following spells:

 Spells                   Type           Power        Failure   Level
 Animate Skeleton         Necr           #.....       100%        1
 Apportation              Tloc           #.....       100%        1
 Corona                   Hex            #......      100%        1
 Foxfire                  Conj/Fire      #...         100%        1
 Magic Dart               Conj           #...         100%        1
 Pain                     Necr           #...         100%        1
 Sandblast                Erth           #.....       100%        1
 Sting                    Tmut/Pois      #...         100%        1
 Summon Small Mammal      Summ           #...         100%        1
 Call Imp                 Summ           #.......     100%        2
 Passwall                 Tmut/Erth      #.......     100%        2
 Poisonous Vapours        Pois/Air       #.....       100%        2
 Slow                     Hex            #.......     100%        2
 Call Canine Familiar     Summ           #.......     100%        3
 Confusing Touch          Hex            #.......     100%        3
 Conjure Flame            Conj/Fire      #.......     100%        3
 Gell's Gravitas          Tloc           #.........   100%        3
 Ignite Poison            Fire/Tmut/Pois #.......     100%        3
 Inner Flame              Hex/Fire       #.......     100%        3
 Mephitic Cloud           Conj/Pois/Air  #.......     100%        3
 Portal Projectile        Hex/Tloc       #.....       100%        3
 Static Discharge         Conj/Air       #.......     100%        3
 Stone Arrow              Conj/Erth      #.....       100%        3
 Vampiric Draining        Necr           #.........   100%        3
 Animate Dead             Necr           #.........   100%        4
 Cause Fear               Hex            #.........   100%        4
 Leda's Liquefaction      Hex/Erth       #.........   100%        4
 Olgreb's Toxic Radiance  Pois           #.......     100%        4
 Petrify                  Tmut/Erth      #.......     100%        4
 Sticky Flame             Conj/Fire      #.......     100%        4
 Summon Lightning Spire   Summ/Air       #.......     100%        4
 Agony                    Necr           #.......     100%        5
 Bolt of Magma            Conj/Fire/Erth #.........   100%        5
 Fireball                 Conj/Fire      #.........   100%        5
 Irradiate                Conj/Tmut      #.........   100%        5
 Iskenderun's Battlesphe  Conj           #.......     100%        5
 Lee's Rapid Deconstruct  Erth           #.........   100%        5
 Lightning Bolt           Conj/Air       #.........   100%        5
 Metabolic Englaciation   Hex/Ice        #.........   100%        5
 Silence                  Hex/Air        #.........   100%        5
 Summon Forest            Summ/Tloc      #.........   100%        5
 Yara's Violent Unravell  Hex/Tmut       #.........   100%        5
 Conjure Ball Lightning   Conj/Air       #.........   100%        6
 Eringya's Noxious Bog    Tmut/Pois      #.........   100%        6
 Hydra Form               Tmut           #.........   100%        6
 Iron Shot                Conj/Erth      #.........   100%        6
 Statue Form              Tmut/Erth      #........    100%        6
 Dragon Form              Tmut           #.........   100%        7
 Orb of Destruction       Conj           #.........   100%        7
 Spellforged Servitor     Conj/Summ      #.........   100%        7
 Discord                  Hex            #.........   100%        8
 Ignition                 Fire           #.........   100%        8
 Shatter                  Erth           #.........   100%        9
 Tornado                  Air            #.........   100%        9
 Blink                    Tloc           Unusable     N/A         2

Dungeon Overview and Level Annotations

Branches:
Dungeon (15/15)            Temple (1/1) D:7            Lair (6/6) D:8
  Swamp (4/4) Lair:4        Snake (4/4) Lair:2        Slime (0/5) Lair:6
    Orc (2/2) D:11            Elf (0/3) Orc:2        Vaults (4/5) D:13
  Crypt (0/3) Vaults:3     Depths (0/5) D:15        Ossuary (visited)
Gauntlet (visited)

Altars:
Ashenzari
Cheibriados
Dithmenos
Elyvilon
Fedhas
Gozag
Hepliaklqana
Kikubaaqudgha
Makhleb
Nemelex Xobeh
Okawaru
Qazlal
Ru
Sif Muna
Trog
Uskayaw
Vehumet
Wu Jian
Xom
Yredelemnul
Zin
The Shining One
Beogh

Shops:
D:4 (   D:13 :   Orc:2 [:(}   Snake:2 ?   Vaults:2 }   Vaults:4 ?

Portals:
Trove: Vaults:1 (give +6 demon trident)

Annotations:
Vaults:2 3 runed translucent doors, Vileos's ghost, adept DsGl
Vaults:3 3 runed translucent doors, exclusion: obsidian statue, Alarkh's ghost, adept DsFi


Innate Abilities, Weirdness & Mutations

You cannot be hasted, slowed, berserked, paralysed or teleported.
You can dig through walls and to a lower floor.
Your four strong arms can wield two-handed weapons with a shield.
You have a pair of large antennae on your head. (SInv)


Message History

Makhleb accepts your kill.
You feel better.
Your life force feels restored.
The vault warden hits you but does no damage.
The hell knight hits you but does no damage.
You partially resist.
You feel drained. The stone giant hits you!!
* * * LOW HITPOINT WARNING * * *
You block the hell knight's attack. x2
You slash the stone giant!
The stone giant is lightly wounded.
The hell knight hits you but does no damage.
You block the hell knight's attack. The hell knight barely misses you.
You block the hell knight's attack. You block the stone giant's attack.
The vault warden hits you with a +0 great mace!!
* * * LOW HITPOINT WARNING * * *
You hit the vault warden.
The vault warden is lightly wounded.
You block the hell knight's attack. x2
The hell knight hits you with a +4 long sword of flaming.
You die...

#.......# #....(..# { {
#....(..# { { #....(..#{{
{ #...p..p# {{{ #....ppp#
{ #....)pC# #....pp@# .#
#.....pp# .# #.......# .#
#.......#
.#########.......########
.........................
.........................
.........................
................≈≈≈......


You could see a stone giant, a vault warden (strong), 6 hell knights, a vault
sentinel, an ironbrand convoker and a necromancer (strong, invisible).

Vanquished Creatures
  Margery (Vaults:4)
  Boris (Vaults:4)
  Vashnia (Snake:4)
  Jorgrun (Snake:1)
  Frances (Snake:2)
  2 sphinxes
  4 thorn hunters
  A storm dragon (Vaults:2)
  Kirke (D:13)
  A fire giant (Vaults:3)
  The ghost of donkeybrains the Phalangite, an adept MfGl of Ru (Snake:3)
  2 deep elf sorcerers (Vaults:1)
  2 frost giants
  An orc warlord (Orc:2)
  7 nagarajas (Snake:4)
  3 vault wardens
  An emperor scorpion (D:15)
  7 ironheart preservers
  The ghost of Reagifox the Bludgeoner, a journeyman GrBe of Trog (Swamp:2)
  7 stone giants
  A deep elf annihilator (Vaults:1)
  A deep elf demonologist (Vaults:2)
  A minotaur (Gauntlet)
  Snorg (D:11)
  A dire elephant (D:15)
  An ettin (Vaults:3)
  4 fire dragons
  5 great orbs of eyes
  14 naga warriors
  8 yaktaur captains
  Fannar (D:11)
  6 ogre magi
  Josephine (D:12)
  2 vault guards
  Erolcha (Orc:2)
  2 ice dragons (Vaults:1)
  31 hydras
  8 alligators
  Erica (D:10)
  4 shambling mangroves
  3 anacondas
  A merfolk avatar (Lair:6)
  A death knight (Vaults:1)
  17 two-headed ogres
  9 centaur warriors
  A death scarab (Gauntlet)
  A dancing weapon (Swamp:2)
  6 death yaks
  2 deep troll earth magi (Vaults:4)
  4 orc high priests (Orc:2)
  2 spriggan berserkers (Swamp:4)
  20 naga sharpshooters
  A shock serpent (Snake:4)
  Sonja (Orc:2)
  7 spriggans
  2 deep elf knights
  13 skeletal warriors
  3 shadow wraiths
  The ghost of XO4YCPATb the Grappler, a novice DrTm of Cheibriados (D:8)
  A salamander mystic (Snake:4)
  4 unseen horrors
  2 deep trolls (Vaults:4)
  2 spriggan druids (Swamp:4)
  5 deep elf archers
  10 wizards
  2 naga ritualists (Snake:4)
  A spectral hydra (Gauntlet)
  9 harpies
  6 ironbrand convokers
  A phantasmal warrior (Vaults:4)
  12 swamp dragons
  4 necromancers
  15 orc knights
  A lindwurm (Lair:1)
  6 cyclopes
  4 wolf spiders
  8 orc sorcerers
  A mana viper (Snake:4)
  5 deep elf magi
  13 salamanders
  22 ugly things
  10 elephants
  6 oklob plants
  A manticore (D:15)
  Maurice (D:11)
  A guardian serpent (Snake:3)
  A stone giant skeleton (Vaults:1)
  23 black mambas
  A frost giant zombie (Vaults:3)
  A guardian serpent (shapeshifter) (Vaults:2)
  7 vault sentinels
  27 naga magi
  Joseph (D:9)
  A torpor snail (Lair:5)
  24 cane toads
  6 gargoyles
  4 freezing wraiths
  28 yaktaurs
  2 kobold demonologists (D:12)
  16 rime drakes
  13 komodo dragons
  3 human skeletons
  15 tyrant leeches
  5 polar bears
  13 trolls
  12 bog bodies
  21 hornets
  18 blink frogs
  2 wind drakes (Lair:6)
  2 ettin zombies
  46 slime creatures
  16 hippogriffs
  3 shadows
  12 wyverns
  A hog (shapeshifter) (Vaults:4)
  2 vampires (D:14)
  6 wraiths
  31 yaks
  8 basilisks
  21 humans (D:13)
  A basilisk (shapeshifter) (Vaults:3)
  8 steam dragons (Lair:3)
  A human simulacrum (Vaults:1)
  3 hogs (D:13)
  20 vampire mosquitoes
  5 wargs
  26 insubstantial wisps
  31 nagas
  21 swamp worms
  14 porcupines
  2 acid dragons
  12 water moccasins
  3 ice beasts (D:7)
  59 orc warriors
  4 black bears
  5 sky beasts
  16 swamp drakes
  9 boggarts
  A necrophage (D:8)
  A phantom (D:8)
  4 wolves (Lair:4)
  An eye of draining (D:8)
  24 ogres
  6 centaurs
  19 crocodiles
  7 big kobolds
  Blork the orc (D:4)
  23 bullfrogs
  2 water moccasin zombies (Ossuary)
  4 scorpions
  A water moccasin skeleton (D:6)
  13 killer bees
  7 howler monkeys
  5 wights
  4 electric eels (D:10)
  2 centaur zombies
  2 lava snakes (Snake:4)
  2 bullfrog zombies
  3 quasits
  7 hounds
  40 orc priests
  6 jellies
  31 orc wizards
  3 centaur skeletons
  2 iguanas
  18 worker ants
  A big kobold zombie (Ossuary)
  A hound skeleton (D:6)
  2 mummies (Ossuary)
  3 gnolls (D:2)
  8 adders
  4 shadow imps
  A white imp (D:10)
  An ufetubus (D:7)
  An ooze (D:6)
  10 adder zombies
  5 worms
  6 leopard geckos
  137 orcs
  A ball python (D:3)
  3 bats (D:2)
  8 giant cockroaches
  2 gnoll zombies (Ossuary)
  4 goblins
  4 hobgoblins
  11 jackals
  24 kobolds
  3 quokkas
  8 frilled lizards
  A giant cockroach zombie (D:5)
  4 hobgoblin zombies (Ossuary)
  A jackal skeleton (D:4)
  6 kobold zombies (Ossuary)
  4 orc zombies (Ossuary)
  10 rats
  2 briar patches (Swamp:2)
1535 creatures vanquished.

Vanquished Creatures (others)
  Nikola (Vaults:1)
  A hydra (Swamp:1)
  An unseen horror (D:14)
  A hornet (Swamp:3)
  A naga (Snake:4)
  An acid dragon (Vaults:1)
  A swamp drake (Swamp:4)
  An ogre (Vaults:4)
  5 bushes (Lair:6)
  A demonic plant (Gauntlet)
  39 fungi
  117 plants
170 creatures vanquished.

Grand Total: 1705 creatures vanquished

Notes
Turn   | Place    | Note
-------+----------+-------------------------------------------
     0 | D:1      | HoaS the Formicid Fighter began the quest for the Orb.
     0 | D:1      | Reached XP level 1. HP: 18/18 MP: 1/1
   127 | D:1      | Reached XP level 2. HP: 22/24 MP: 2/2
  1068 | D:2      | Reached XP level 3. HP: 29/29 MP: 3/3
  1224 | D:2      | Reached XP level 4. HP: 35/35 MP: 4/4
  1525 | D:2      | Found an iron altar of Okawaru.
  1555 | D:2      | Reached XP level 5. HP: 18/41 MP: 5/5
  1733 | D:2      | Found a shimmering altar of Xom.
  1733 | D:2      | Found a blossoming altar of Fedhas.
  1735 | D:2      | Found a basalt altar of Yredelemnul.
  1735 | D:2      | Found a hazy altar of Hepliaklqana.
  1735 | D:2      | Found a burning altar of Makhleb.
  1785 | D:2      | Reached skill level 5 in Shields
  2480 | D:4      | Noticed Blork the orc
  2486 | D:4      | Killed Blork the orc
  2486 | D:4      | Reached skill level 5 in Staves
  2486 | D:4      | Reached XP level 6. HP: 47/47 MP: 6/6
  2561 | D:4      | Found Otuvvah's Weapon Emporium.
  3020 | D:5      | Entered Level 5 of the Dungeon
  3099 | D:5      | Reached XP level 7. HP: 51/52 MP: 7/7
  3379 | D:5      | Found a sand-covered staircase.
  3384 | Ossuary  | Entered an ossuary
  3548 | Ossuary  | Reached XP level 8. HP: 46/58 MP: 8/8
  4412 | D:7      | Reached XP level 9. HP: 64/64 MP: 9/9
  4428 | D:7      | Identified the +8 quarterstaff "Vopn" {vorpal, *Noise rPois
                  | rN+}
  4504 | D:7      | Noticed a gargoyle
  4540 | D:7      | Killed a gargoyle
  4617 | D:7      | Reached skill level 10 in Staves
  4728 | D:7      | Found a staircase to the Ecumenical Temple.
  4741 | Temple   | Entered the Ecumenical Temple
  4882 | Temple   | Became a worshipper of Makhleb the Destroyer
  5076 | D:7      | Found a burning altar of Makhleb.
  5545 | D:8      | Found a stormy altar of Qazlal.
  5551 | D:8      | Noticed a death yak
  5551 | D:8      | Noticed a death yak
  5582 | D:8      | Noticed a death yak
  5583 | D:8      | Noticed a death yak
  5608 | D:8      | Noticed a death yak
  5609 | D:8      | Noticed a death yak
  5641 | D:8      | Killed a death yak
  5641 | D:8      | Reached XP level 10. HP: 42/70 MP: 10/10
  5702 | D:8      | Found a staircase to the Lair.
  5708 | D:8      | Got an ancient scale mail
  5710 | D:8      | Identified the +1 scale mail of the Centipede {Regen+} (You
                  | found it on level 8 of the Dungeon)
  5808 | D:8      | Found a runed translucent door.
  5810 | D:8      | Noticed a cyclops
  5810 | D:8      | Noticed XO4YCPATb's ghost (novice DrTm)
  6321 | D:8      | Killed a death yak
  6381 | D:8      | Killed a death yak
  6383 | D:8      | Reached * piety under Makhleb
  6508 | D:8      | Reached XP level 11. HP: 75/75 MP: 11/11
  6596 | D:9      | Found a white marble altar of Elyvilon.
  6897 | D:10     | Entered Level 10 of the Dungeon
  6897 | D:10     | Noticed Joseph
  6898 | D:10     | Noticed an unseen horror
  6942 | D:9      | Reached skill level 1 in Dodging
  6992 | D:9      | Killed Joseph
  7044 | D:9      | Killed an unseen horror
  7050 | D:9      | Reached skill level 5 in Fighting
  7060 | D:10     | Reached skill level 5 in Armour
  7085 | D:10     | Killed a death yak
  7199 | D:10     | Killed a death yak
  7205 | D:10     | Noticed Erica
  7221 | D:10     | Killed Erica
  7221 | D:10     | Reached ** piety under Makhleb
  7369 | D:10     | Reached XP level 12. HP: 86/89 MP: 12/12
  7869 | Lair:1   | Entered Level 1 of the Lair of Beasts
  7869 | Lair:1   | Found the +4 skin of Zhor {Englaciate rC+++ SInv}
  7937 | Lair:1   | Noticed a four-headed hydra
  7941 | Lair:1   | Reached skill level 5 in Dodging
  7947 | Lair:1   | Killed a four-headed hydra
  8050 | Lair:1   | Identified the +3 leather armour "Yruneg" {rF+ Str-5
                  | Slay+5} (You found it on level 1 of the Lair of Beasts)
  8120 | Lair:1   | Reached *** piety under Makhleb
  8157 | Lair:1   | Noticed a seven-headed hydra
  8166 | Lair:1   | Killed a seven-headed hydra
  8572 | Lair:2   | Found a staircase to the Snake Pit.
  8721 | Lair:2   | Reached XP level 13. HP: 86/101 MP: 13/13
  9076 | D:8      | Killed XO4YCPATb's ghost
  9316 | Lair:3   | Reached skill level 10 in Fighting
  9316 | Lair:3   | Reached skill level 10 in Armour
  9329 | Lair:3   | Reached **** piety under Makhleb
  9987 | Lair:3   | Noticed a seven-headed hydra
  9995 | Lair:3   | Killed a seven-headed hydra
 10357 | Lair:4   | Noticed a five-headed hydra
 10367 | Lair:4   | Killed a five-headed hydra
 10603 | Lair:4   | Found a staircase to the Swamp.
 10926 | Lair:4   | Reached XP level 14. HP: 113/113 MP: 14/14
 11486 | Lair:5   | Reached ***** piety under Makhleb
 11969 | Lair:6   | Entered Level 6 of the Lair of Beasts
 12156 | Lair:6   | Reached skill level 10 in Dodging
 12493 | Lair:6   | Found a staircase to the Slime Pits.
 12727 | Lair:6   | Reached XP level 15. HP: 122/122 MP: 15/15
 13429 | D:11     | Noticed Snorg
 13479 | D:11     | Killed Snorg
 13501 | D:11     | Found a staircase to the Orcish Mines.
 13503 | D:11     | Noticed Fannar
 13504 | D:11     | Reached ****** piety under Makhleb
 13519 | D:11     | Killed Fannar
 13741 | Lair:3   | Got a wavering pewter ring
 13759 | Lair:3   | Identified the ring of Hiow {rF- rCorr Str+10 Dex-4 Slay+6}
                  | (You found it on level 3 of the Lair of Beasts)
 14229 | D:11     | Noticed Maurice
 14242 | D:11     | Killed Maurice
 14496 | D:12     | Noticed Josephine
 14514 | D:12     | Killed Josephine
 15366 | Orc:1    | Entered Level 1 of the Orcish Mines
 15880 | Orc:1    | Found a roughly hewn altar of Beogh.
 16119 | Orc:2    | Entered Level 2 of the Orcish Mines
 16382 | Orc:2    | Noticed Erolcha
 16399 | Orc:2    | Killed Erolcha
 16516 | Orc:2    | Reached XP level 16. HP: 132/133 MP: 16/16
 16548 | Orc:2    | Noticed Sonja
 16560 | Orc:2    | Killed Sonja
 16681 | Orc:2    | Found a staircase to the Elven Halls.
 16996 | Orc:2    | Found a roughly hewn altar of Beogh.
 17071 | Orc:2    | Found Tickih's Book Boutique.
 17142 | Orc:2    | Found Buong's Antique Armour Shop.
 17360 | Orc:2    | Found a roughly hewn altar of Beogh.
 17467 | Orc:2    | Found Koqucvopt's Gadget Boutique.
 17493 | Orc:2    | Found Laohejuw's Antique Weapon Shop.
 17805 | D:13     | Found a gate leading to a gauntlet.
 17833 | Gauntlet | Entered a Gauntlet
 17833 | Gauntlet | Found a transporter.
 17843 | Gauntlet | Found a transporter.
 17858 | Gauntlet | Found a transporter.
 17863 | Gauntlet | Found a transporter.
 17878 | Gauntlet | Found a transporter.
 17897 | Gauntlet | Found a transporter.
 17906 | Gauntlet | Found a transporter.
 17921 | Gauntlet | Found a transporter.
 17933 | Gauntlet | Found a transporter.
 17952 | Gauntlet | Found a transporter.
 17958 | Gauntlet | Found a transporter.
 17958 | Gauntlet | Found a transporter.
 17997 | Gauntlet | Found a transporter.
 17999 | Gauntlet | Found a runed translucent gate.
 17999 | Gauntlet | Found a runed translucent gate.
 17999 | Gauntlet | Found a runed translucent gate.
 18002 | Gauntlet | Found a large runed translucent door.
 18002 | Gauntlet | Found a large runed translucent door.
 18002 | Gauntlet | Found a large runed translucent door.
 18002 | Gauntlet | Found a large runed translucent door.
 18005 | Gauntlet | Found a large runed translucent door.
 18005 | Gauntlet | Found a large runed translucent door.
 18006 | Gauntlet | Found a large runed translucent door.
 18006 | Gauntlet | Found a large runed translucent door.
 18009 | Gauntlet | Found a large runed translucent door.
 18009 | Gauntlet | Found a large runed translucent door.
 18009 | Gauntlet | Found a runed translucent door.
 18009 | Gauntlet | Found a runed translucent door.
 18010 | Gauntlet | Found a large runed translucent door.
 18011 | Gauntlet | Found a large runed translucent door.
 18020 | Gauntlet | Found a large runed translucent door.
 18020 | Gauntlet | Found a large runed translucent door.
 18021 | Gauntlet | Found a large runed translucent door.
 18022 | Gauntlet | Found a large runed translucent door.
 18022 | Gauntlet | Found a transporter.
 18042 | Gauntlet | Found a transporter.
 18120 | Gauntlet | Found a transporter.
 18142 | Gauntlet | Found a transporter.
 18279 | Gauntlet | Found a transporter.
 18303 | Gauntlet | Reached skill level 10 in Shields
 19155 | D:13     | Noticed Kirke
 19202 | D:13     | Killed Kirke
 19296 | D:13     | Found Vidoirosma's Book Shop.
 19551 | D:13     | Found a gate to the Vaults.
 20534 | D:14     | You fall into a shaft and drop 1 floor!
 20534 | D:15     | Entered Level 15 of the Dungeon
 20548 | D:15     | Reached XP level 17. HP: 139/139 MP: 17/17
 20888 | D:15     | Found a staircase to the Depths.
 21614 | Swamp:1  | Entered Level 1 of the Swamp
 22009 | Swamp:1  | Reached skill level 15 in Shields
 22044 | Swamp:1  | Found a transporter.
 22046 | Swamp:1  | Noticed a thorn hunter
 22065 | Swamp:1  | Found a transporter.
 22259 | Swamp:1  | Reached skill level 1 in Crossbows
 22277 | Swamp:1  | Reached skill level 2 in Crossbows
 22316 | Swamp:2  | Reached skill level 3 in Crossbows
 22619 | Swamp:2  | Reached skill level 4 in Crossbows
 22706 | Swamp:2  | Found a runed translucent door.
 22707 | Swamp:2  | Found a shimmering altar of Xom.
 22707 | Swamp:2  | Noticed Reagifox's ghost (journeyman GrBe)
 22708 | Swamp:2  | Identified the +8 double sword of Zin's Felicitations
                  | {chaos, Fragile rF+ Str+9}
 22821 | Swamp:2  | Noticed a thorn hunter
 22844 | Swamp:2  | Killed a thorn hunter
 22844 | Swamp:2  | Reached skill level 5 in Crossbows
 23089 | Swamp:3  | Reached skill level 6 in Crossbows
 23459 | Swamp:3  | Reached skill level 7 in Crossbows
 23615 | Swamp:3  | Reached XP level 18. HP: 146/146 MP: 18/18
 23965 | Swamp:4  | Entered Level 4 of the Swamp
 24063 | Swamp:4  | Reached skill level 8 in Crossbows
 24285 | Swamp:4  | Reached skill level 9 in Crossbows
 24627 | Swamp:4  | Reached skill level 10 in Crossbows
 24815 | Swamp:4  | Reached skill level 11 in Crossbows
 25383 | Swamp:4  | Got a decaying rune of Zot
 25764 | Swamp:2  | Killed Reagifox's ghost
 25899 | Swamp:1  | Reached skill level 12 in Crossbows
 25952 | Swamp:1  | Identified the Disquisition on Supportive Shape Shifting
 26174 | Snake:1  | Entered Level 1 of the Snake Pit
 26855 | Snake:1  | Noticed Jorgrun
 26875 | Snake:1  | Killed Jorgrun
 26875 | Snake:1  | Reached skill level 13 in Crossbows
 26875 | Snake:1  | Reached XP level 19. HP: 152/152 MP: 19/19
 27586 | Snake:2  | Found Kabouj's Magic Scroll Emporium.
 27781 | Snake:2  | Noticed Frances
 27802 | Snake:2  | Killed Frances
 28371 | Snake:3  | Reached skill level 14 in Crossbows
 28490 | Snake:3  | Found a runed translucent door.
 28673 | Snake:3  | Noticed donkeybrains's ghost (adept MfGl)
 28703 | Snake:3  | Killed donkeybrains's ghost
 28733 | Snake:4  | Entered Level 4 of the Snake Pit
 28769 | Snake:4  | Noticed Vashnia
 28782 | Snake:4  | Killed Vashnia
 29243 | Snake:4  | Reached skill level 15 in Crossbows
 29886 | Snake:4  | Reached skill level 16 in Crossbows
 30052 | Snake:4  | Reached XP level 20. HP: 81/159 MP: 20/20
 30545 | Snake:4  | Got a serpentine rune of Zot
 30560 | Snake:4  | Reached skill level 17 in Crossbows
 31127 | Vaults:1 | Entered Level 1 of the Vaults
 31255 | Vaults:1 | Got a scintillating silver amulet
 31519 | Vaults:1 | Found a portal to a secret trove of treasure.
 31842 | Lair:6   | Identified the amulet of Ripuajoi {Spirit rPois rN+ Int-5
                  | Slay+2} (You found it on level 1 of the Vaults)
 32142 | Vaults:1 | Noticed Nikola
 32164 | Vaults:1 | Killed Nikola
 32514 | Vaults:1 | Reached skill level 18 in Crossbows
 33544 | Vaults:2 | Found a runed translucent gate.
 33544 | Vaults:2 | Found a runed translucent gate.
 33544 | Vaults:2 | Found a runed translucent gate.
 33544 | Vaults:2 | Noticed Vileos's ghost (adept DsGl)
 33556 | Vaults:2 | Identified the +8 scimitar of the Secret Prophets {vorpal,
                  | rPois rN+ Int+3}
 33556 | Vaults:2 | Identified the +10 plate armour of the Boiling Point
                  | {rCorr}
 33560 | Vaults:2 | Identified the ring "Ishiuwymar" {MR+ Dex+3}
 33648 | Vaults:2 | Reached XP level 21. HP: 166/166 MP: 19/21
 33789 | Vaults:2 | Found Fatoudul's Gadget Shop.
 35129 | Vaults:2 | Identified the +7 great sword of Animal Spirits {drain,
                  | rC+}
 35160 | Vaults:2 | Found a roughly hewn altar of Beogh.
 35162 | Vaults:2 | Found the +3 crown of Dyrovepreva {rElec Int+2 SInv}
 35541 | Vaults:3 | Reached skill level 15 in Fighting
 35541 | Vaults:3 | Reached skill level 15 in Armour
 35653 | Vaults:3 | Found a staircase to the Crypt.
 36173 | Vaults:3 | Reached skill level 15 in Staves
 36416 | Vaults:3 | Found a runed translucent gate.
 36416 | Vaults:3 | Found a runed translucent gate.
 36416 | Vaults:3 | Found a runed translucent gate.
 36417 | Vaults:3 | Found an opulent altar of Gozag.
 36418 | Vaults:3 | Noticed Alarkh's ghost (adept DsFi)
 36809 | Vaults:4 | Noticed Boris
 36812 | Vaults:4 | Reached XP level 22. HP: 175/175 MP: 22/22
 36838 | Vaults:4 | Killed Boris
 36971 | Vaults:4 | Reached skill level 15 in Dodging
 37267 | Vaults:4 | Found Wumicecs's Magic Scroll Emporium.
 37275 | Vaults:4 | Bought a scroll of enchant armour for 112 gold pieces
 37275 | Vaults:4 | Bought a scroll of enchant weapon for 112 gold pieces
 37275 | Vaults:4 | Bought a scroll of enchant armour for 112 gold pieces
 37275 | Vaults:4 | Bought a scroll of enchant armour for 112 gold pieces
 37275 | Vaults:4 | Bought a scroll of enchant weapon for 112 gold pieces
 37300 | Vaults:4 | Noticed Margery
 37325 | Vaults:4 | Killed Margery
 37326 | Vaults:4 | HP: 4/176 [vault warden/+0 great mace (27)]
 37327 | Vaults:4 | Slain by a hell knight

Illustrated notes

Levels and vault maps discovered:
D:1:      eino_arrival_tree_alley, layout_basic
D:2:      layout_loops_ring, doesnt_xom_only_xom
D:3:      layout_basic
D:4:      layout_basic, serial_shops, nicolae_shop_behind_doors,
          uniq_blork_the_orc
D:5:      layout_loops_ring, enter_ossuary_5
D:6:      layout_rooms
D:7:      minmay_the_grid_octo_tiled_squarecenter [minmay_the_grid_octo_clover,
          minmay_the_grid_octo_odd_swirl, minmay_the_grid_octo_vomiting_pacman,
          minmay_the_grid_octo_fat_diamond,
          minmay_the_grid_square_5x5_megaprize_diamond,
          minmay_the_grid_square_5x5_fancy_junction,
          minmay_the_grid_square_5x5_eight_small,
          minmay_the_grid_square_5x5_lines, minmay_the_grid_square_5x5_inner_v],
          layout_rooms, minmay_temple_entry_proselytizer, serial_curves,
          eino_curves_01, eino_curves_02
D:8:      layout_loops_cross, dpeg_lair_monsters, ebering_ghost_inner_flame,
          grunt_qazlal_sundering
D:9:      layout_rooms, elyvilon_altar_3, kennysheep_generic_room_12
D:10:     layout_cave_pools, serial_bayou, serial_bayou_pond_c,
          serial_bayou_pond_d, serial_bayou_shore_a, serial_bayou_pond_b,
          minmay_misc_feat_plants, roderic_cross_of_infinity, uniq_joseph,
          uniq_erica
D:11:     layout_big_octagon, orc_0_dummy, uniq_fannar, uniq_snorg, uniq_maurice
D:12:     layout_basic, corexii_checkpoint_b, kennysheep_generic_room_14,
          uniq_josephine
D:13:     layout_grid_maze, grunt_vaults_entry_tiered, serial_shops,
          kennysheep_mini_moat, gauntlet_entry_generic, uniq_kirke
D:14:     layout_loops_ring, serial_park_tiny_1
D:15:     hangedman_depths_entry_try_elsewhere_first, layout_long_grid,
          abandoned_shop
Temple:   regret_index_temple_chain_breaker
Lair:1:   layout_misc_corridors, eino_small_chamber_without_monster,
          minmay_shattered_shrine, infiniplex_staircase_pool,
          serial_bayou_shore_b
Lair:2:   layout_misc_corridors, guppyfry_snake_entry_garden
Lair:3:   layout_regular_city, lightli_volcano_entry_magma_tube,
          bobbens_dragon_lair_wall, minmay_lair_oklob_chamber,
          serial_bayou_shore_b
Lair:4:   layout_small_grid, swamp_mist, serial_bayou_shore_b
Lair:5:   layout_regular_city
Lair:6:   gammafunk_lair_ancient_temple, layout_gridlike,
          minmay_slime_entry_oklob_enclosed, special_room
          [special_room_mythical_zoo]
Swamp:1:  gammafunk_the_bubble [the_bubble_gammafunk_grid], layout_basic_swamp,
          evilmike_swamp_ruin_rubble_1
Swamp:2:  layout_falls_marsh, ebering_ghost_xom, evilmike_swamp_ruin_house_1,
          swamp_pool3
Swamp:3:  layout_basic_swamp, hangedman_swamp_ruin_wall
Swamp:4:  swamp_basic_johnstein, layout_basic_swamp, swamp_pool1
Snake:1:  layout_layer_cave, uniq_jorgrun
Snake:2:  layout_onion, serial_shops, shop, uniq_frances
Snake:3:  nicolae_snake_nest, layout_misc_corridors,
          ebering_ghost_reflecting_pool, serial_bayou_shore_b
Snake:4:  snake_pit, layout_basic, lemuel_fruit_tree, uniq_vashnia
Orc:1:    layout_caves, minmay_orc_temple_b
Orc:2:    pubby_orc_utopia, serial_shops, uniq_erolcha, uniq_sonja
Vaults:1: v_pattern_4, nicolae_vaults_yaktaur_gun_rack, v_misc_10,
          ontoclasm_vaults_gallery, vaults_room_hallway,
          hangedman_vaults_stagger, vaults_room_octagon, vaults_room_pool,
          vaults_room_fancy_cross, nicolae_vaults_little_ls,
          vaults_room_door_hall, nicolae_vaults_big_ls, vaults_room_door_ring,
          ontoclasm_vaults_tryst, layout_vaults_maze_snakey, enter_trove_6,
          uniq_nikola
Vaults:2: biasface_vaults_ghost_orc_armoury, nicolae_vaults_network_star,
          v_rooms_6, vaults_room_door_ring, nicolae_vaults_network_s,
          hangedman_vaults_capsules, v_misc_17, nicolae_vaults_little_squares_2,
          hangedman_vaults_nodes, nicolae_vaults_ring_of_whatevers,
          layout_vaults_big_cross, serial_shops, shop_statue,
          lightli_enter_wizlab_magi_temple
Vaults:3: ebering_vaults_ghost_gozag, vaults_dpeg_hooks, vaults_room_fours,
          v_misc_2, hangedman_vaults_stretched_pinwheel, v_misc_5, v_misc_15,
          grunt_vaults_bifocal, v_misc_8, layout_vaults_omnigrid
Vaults:4: hangedman_vaults_restitches, nicolae_vaults_minivaults,
          dpeg_vaults_monster_row, ontoclasm_vaults_ring_large, v_pattern_1,
          nicolae_vaults_ninety_degrees, vaults_dpeg_encased_lava,
          grunt_vaults_twisty, v_misc_24, vaults_room_pool,
          layout_vaults_chaotic_city, serial_shops, nicolae_shop_waterfront,
          uniq_margery, uniq_boris

Skill      XL: |  1  2  3  4  5  6  7  8  9 10 11 12 13 14 15 16 17 18 19 20 21 22 |
---------------+-------------------------------------------------------------------+-----
Shields        | 4 5 6 8 9 11 15 16 | 16.6
Staves         | 3 4 5 7 8 11 13 14 15 | 15.3
Dodging        | 4 6 8 10 12 14 15 | 15.1
Fighting       | 6 9 11 12 14 15 | 15.5
Armour         | 6 9 11 12 14 15 | 15.5
Crossbows      | 7 13 16 18 | 18.0

Action                   |  1- 3 |  4- 6 |  7- 9 | 10-12 | 13-15 | 16-18 | 19-21 | 22-24 || total
-------------------------+-------+-------+-------+-------+-------+-------+-------+-------++-------
Melee: Quarterstaff      |   114 |   168 |   412 |   434 |  1410 |   493 |       |       ||  3031
       Lajatang          |       |       |       |       |       |  1537 |  1551 |   147 ||  3235
 Fire: Arbalest          |       |       |       |       |       |       |   282 |    33 ||   315
 Abil: Dig               |       |     2 |     2 |     4 |    23 |     8 |    15 |       ||    54
Evoke: Wand              |       |     1 |     1 |       |     4 |       |     1 |       ||     7
  Use: Scroll            |     4 |     6 |     9 |    10 |     7 |    19 |     6 |     5 ||    66
       Potion            |       |       |     3 |       |     3 |    11 |     1 |     1 ||    19
 Stab: Paralysed         |       |     3 |       |       |       |     1 |       |       ||     4
       Confused          |       |       |       |       |       |     2 |       |       ||     2
Armor: Scale mail        |    31 |    48 |    25 |    81 |   436 |    95 |       |       ||   716
       Plate armour      |       |       |   103 |       |       |   650 |       |       ||   753
       Skin              |       |       |       |     9 |     3 |       |       |       ||    12
       Animal skin       |       |       |       |     8 |       |       |       |       ||     8
       Leather armour    |       |       |       |     7 |       |       |       |       ||     7
       Crystal plate arm |       |       |       |       |       |    23 |   388 |    87 ||   498
Dodge: Dodged            |    20 |    38 |    56 |   120 |   588 |   715 |   269 |    49 ||  1855
Block: Kite shield       |    29 |    49 |   158 |   201 |   672 |    62 |       |       ||  1171
       Tower shield      |       |       |       |       |       |  1713 |  1276 |   201 ||  3190

Table legend: (Time is in decaauts)
 A = Elapsed time spent in this place.
 B = Non-inter-level travel time spent in this place.
 C = Inter-level travel time spent in this place.
 D = Time resting spent in this place.
 E = Time spent auto-exploring this place.
 F = Levels seen in this place.
 G = Mean time per level.
                   A        B        C        D        E       F      G
               +--------+--------+--------+--------+--------+-----+--------+
         Total |  35755 |  32408 |   3347 |   2464 |  19970 |  38 |  940.9 |
       Dungeon |  12550 |  10940 |   1610 |    613 |   7249 |  15 |  836.7 |
        Temple |    150 |    122 |     28 |      0 |    120 |   1 |  150.0 |
          Lair |   5871 |   5033 |    838 |    256 |   3425 |   6 |  978.5 |
         Swamp |   4421 |   4044 |    377 |    400 |   2167 |   4 | 1105.2 |
     Snake Pit |   4495 |   4329 |    166 |    779 |   2242 |   4 | 1123.8 |
  Orcish Mines |   2015 |   1931 |     84 |     20 |   1204 |   2 | 1007.5 |
        Vaults |   5322 |   5079 |    243 |    396 |   3085 |   4 | 1330.5 |
       Ossuary |    199 |    199 |      0 |      0 |     65 |   1 |  199.0 |
      Gauntlet |    728 |    728 |      0 |      0 |    411 |   1 |  728.0 |
               +--------+--------+--------+--------+--------+-----+--------+

Top non-repeatable levels by time:
    D:13: 1832 daAuts
 Snake:4: 1748 daAuts
Vaults:1: 1737 daAuts
 Swamp:4: 1712 daAuts
Vaults:2: 1595 daAuts
  Lair:6: 1392 daAuts
Vaults:3: 1392 daAuts
   Orc:2: 1386 daAuts
  Lair:3: 1366 daAuts
     D:8: 1340 daAuts
 Snake:1: 1039 daAuts
     D:1: 1036 daAuts
  Lair:4: 1015 daAuts
     D:2: 967 daAuts
 Swamp:3: 966 daAuts
